PCL
HOUSTON HAMMERTIME @ GRESHAM GOLD SOULS
07/15/2024
 
TOP OF THE 1ST
Houston Hammertime batting - Pitching for Gresham Gold Souls : RHP António Benítez
Pitching: RHP António Benítez
Batting: RHB John Pick 0-0: Swinging Strike
0-1: Called Strike
0-2: Hit by Pitch
Batting: LHB Bryce Hopkins 0-0: Foul Ball, location: 2F
0-1: Ball
1-1: Called Strike
1-2: Foul Ball, location: 2F
1-2: DOUBLE (Line Drive, 5D)
John Pick to third
Batting: SHB Cristo Ontiveros 0-0: Called Strike
0-1: Called Strike
0-2: Ball
1-2: Strikes out swinging
Batting: LHB Pat Jones 0-0: Called Strike
0-1: SINGLE (Groundball, 6M)
John Pick scores
Bryce Hopkins to third
Batting: RHB Mario Beltrán 0-0: Foul Ball, location: 2F
0-1: Ball
1-1: Foul Ball, location: 2F
1-2: Foul Ball, location: 2F
1-2: Strikes out looking
Batting: RHB Domingo Matos 0-0: Ball
1-0: Foul Ball, location: 2F
1-1: Ball
Wild Pitch!
Bryce Hopkins scores
Pat Jones to second
2-1: Fly out, F7 (Line Drive, 7M)
Top of the 1st over - 2 run(s), 2 hit(s), 0 error(s), 1 left on base; Houston 2 - Gresham 0
BOTTOM OF THE 1ST
Gresham Gold Souls batting - Pitching for Houston Hammertime : LHP Dan Snyder
Pitching: LHP Dan Snyder
Batting: LHB Salvador Ruíz 0-0: Called Strike
0-1: Swinging Strike
0-2: Ball
1-2: Strikes out swinging
Batting: RHB Carlos García 0-0: Ball
1-0: Called Strike
1-1: Swinging Strike
1-2: Ball
2-2: Foul Ball, location: 2F
2-2: Ball
3-2: Strikes out swinging
Batting: RHB Lorenzo Morín 0-0: Swinging Strike
0-1: Fly out, F3 (Popup, 3SF)
Bottom of the 1st over - 0 run(s), 0 hit(s), 0 error(s), 0 left on base; Houston 2 - Gresham 0
TOP OF THE 2ND
Houston Hammertime batting - Pitching for Gresham Gold Souls : RHP António Benítez
Batting: RHB Luis Barzaga 0-0: Ball
1-0: Bunted foul
1-1: Ball
2-1: Foul Ball, location: 2F
2-2: Ball
3-2: Reached on error, E6 (Groundball, 6)
Batting: LHB Fernando Camacho 0-0: Called Strike
0-1: SINGLE (Line Drive, 7S)
Luis Barzaga to second
Batting: RHB Santo Cruz 0-0: Reached on error, E6 (Groundball, 6M)
Luis Barzaga to third
Fernando Camacho to second
Batting: RHB John Pick 0-0: Ball
1-0: Ball
2-0: Fielders Choice at 2nd, 5-4 (Groundball, 5)
Luis Barzaga scores
Fernando Camacho to third
Batting: LHB Bryce Hopkins 0-0: Ball
1-0: Grounds out, U3 (Groundball, 3L)
Fernando Camacho scores
Batting: SHB Cristo Ontiveros 0-0: Foul Ball, location: 2F
0-1: Foul Ball, location: 2F
0-2: Ground out 4-3 (Groundball, 4)
Top of the 2nd over - 2 run(s), 1 hit(s), 2 error(s), 1 left on base; Houston 4 - Gresham 0
BOTTOM OF THE 2ND
Gresham Gold Souls batting - Pitching for Houston Hammertime : LHP Dan Snyder
Batting: RHB Lorenzo Guzmán 0-0: Called Strike
0-1: Swinging Strike
0-2: Strikes out looking
Batting: RHB Claudio Guerra 0-0: Called Strike
0-1: Ball
1-1: Ball
2-1: Swinging Strike
2-2: SOLO HOME RUN (Flyball, 78XD), Distance : 408 ft
Batting: RHB Pablo Lucero 0-0: SOLO HOME RUN (Flyball, 78XD), Distance : 395 ft
Batting: SHB Ryu Kichida 0-0: Ball
1-0: Called Strike
1-1: Ball
2-1: Ball
3-1: Foul Ball, location: 2F
3-2: Foul Ball, location: 2F
3-2: SOLO HOME RUN (Flyball, 78XD), Distance : 408 ft
Batting: RHB Pablo Castillo 0-0: Called Strike
0-1: Fly out, F9 (Flyball, 9M)
Batting: RHB Steve Field 0-0: Ground out 6-3 (Groundball, 6)
Bottom of the 2nd over - 3 run(s), 3 hit(s), 0 error(s), 0 left on base; Houston 4 - Gresham 3
TOP OF THE 3RD
Houston Hammertime batting - Pitching for Gresham Gold Souls : RHP António Benítez
Batting: LHB Pat Jones 0-0: Ball
1-0: Ball
2-0: Ball
3-0: Called Strike
3-1: DOUBLE (Line Drive, 9LD)
Batting: RHB Mario Beltrán 0-0: Ball
1-0: Swinging Strike
1-1: Ball
2-1: Foul Ball, location: 2F
2-2: Ball
3-2: Fly out, F7 (Flyball, 78M)
Batting: RHB Domingo Matos 0-0: Ball
1-0: Foul Ball, location: 2F
1-1: Called Strike
1-2: Ground out 5-3 (Groundball, 56S)
Pat Jones to third
Batting: RHB Luis Barzaga 0-0: Foul Ball, location: 2F
0-1: SINGLE (Line Drive, 7LS)
Pat Jones scores
Batting: LHB Fernando Camacho 0-0: Ball
Throwing error on steal attempt, E2
Luis Barzaga to third
1-0: Called Strike
1-1: 2-RUN HOME RUN (Flyball, 9LD), Distance : 359 ft
Batting: RHB Santo Cruz 0-0: Ground out 6-3 (Groundball, 6M)
Top of the 3rd over - 3 run(s), 3 hit(s), 1 error(s), 0 left on base; Houston 7 - Gresham 3
BOTTOM OF THE 3RD
Gresham Gold Souls batting - Pitching for Houston Hammertime : LHP Dan Snyder
Batting: LHB Salvador Ruíz 0-0: Ball
1-0: Called Strike
1-1: Fly out, F8 (Flyball, 8LM)
Batting: RHB Carlos García 0-0: Called Strike
0-1: Ball
1-1: Foul Ball, location: 2F
1-2: Ball
2-2: Ground out 5-3 (Groundball, 56)
Batting: RHB Lorenzo Morín 0-0: SINGLE (Line Drive, 78S)
Batting: RHB Lorenzo Guzmán 0-0: SINGLE (Line Drive, 89M)
Lorenzo Morín to second
Runner from 2nd tries for 3rd, SAFE, no throw or cutoff
Batting: RHB Claudio Guerra 0-0: Ball
1-0: Called Strike
1-1: Ball
2-1: Called Strike
2-2: Fly out, F3 (Popup, 3SF)
Bottom of the 3rd over - 0 run(s), 2 hit(s), 0 error(s), 2 left on base; Houston 7 - Gresham 3
TOP OF THE 4TH
Houston Hammertime batting - Pitching for Gresham Gold Souls : RHP António Benítez
Batting: RHB John Pick 0-0: Swinging Strike
0-1: Called Strike
0-2: Strikes out looking
Batting: LHB Bryce Hopkins 0-0: Ball
1-0: Fly out, F5 (Line Drive, 5)
Batting: SHB Cristo Ontiveros 0-0: Called Strike
0-1: Ball
1-1: Foul Ball, location: 2F
1-2: Ball
2-2: Foul Ball, location: 2F
2-2: Foul Ball, location: 2F
2-2: Ball
3-2: Foul Ball, location: 2F
3-2: Fly out, F9 (Flyball, 4MD)
Top of the 4th over - 0 run(s), 0 hit(s), 0 error(s), 0 left on base; Houston 7 - Gresham 3
BOTTOM OF THE 4TH
Gresham Gold Souls batting - Pitching for Houston Hammertime : LHP Dan Snyder
Batting: RHB Pablo Lucero 0-0: Called Strike
0-1: SINGLE (Line Drive, 78S)
Batting: SHB Ryu Kichida 0-0: Ball
1-0: Called Strike
1-1: Foul Ball, location: 2F
1-2: Strikes out swinging
Batting: RHB Pablo Castillo 0-0: Ball
1-0: Foul Ball, location: 2F
1-1: Foul Ball, location: 2F
1-2: Ball
2-2: SINGLE (Flyball, 7S)
Pablo Lucero to second
Batting: RHB Steve Field 0-0: Ball
1-0: Called Strike
1-1: Ball
2-1: Foul Ball, location: 2F
2-2: Foul Ball, location: 2F
2-2: Ball
3-2: Base on Balls
Pablo Lucero to third
Pablo Castillo to second
Batting: LHB Salvador Ruíz 0-0: Called Strike
0-1: Foul Ball, location: 2F
0-2: Ball
1-2: Ball
2-2: Strikes out swinging
Batting: RHB Carlos García 0-0: Called Strike
0-1: Foul Ball, location: 2F
0-2: Foul Ball, location: 2F
0-2: SINGLE (Line Drive, 78M)
Pablo Lucero scores
Pablo Castillo to third
Steve Field to second
Runner from 3rd tries for Home, SAFE, no throw or cutoff
Batting: RHB Lorenzo Morín 0-0: Ball
1-0: Ball
2-0: Called Strike
2-1: Ball
3-1: Called Strike
3-2: Strikes out looking
Bottom of the 4th over - 2 run(s), 3 hit(s), 0 error(s), 2 left on base; Houston 7 - Gresham 5
TOP OF THE 5TH
Houston Hammertime batting - Pitching for Gresham Gold Souls : RHP António Benítez
Batting: LHB Pat Jones 0-0: Ball
1-0: Called Strike
1-1: Fly out, F9 (Flyball, 89S)
Batting: RHB Mario Beltrán 0-0: Ball
1-0: Foul Ball, location: 2F
1-1: Reached on error, E6 (Groundball, 6)
Batting: RHB Domingo Matos 0-0: SINGLE (Groundball, 13) (infield hit)
Mario Beltrán to second
Batting: RHB Luis Barzaga 0-0: Ball
1-0: Fielders Choice at 2nd, 6-4 (Groundball, 6M)
Mario Beltrán to third
Batting: LHB Fernando Camacho 0-0: Swinging Strike
0-1: Ground out 4-3 (Groundball, 4)
Top of the 5th over - 0 run(s), 1 hit(s), 1 error(s), 2 left on base; Houston 7 - Gresham 5
BOTTOM OF THE 5TH
Gresham Gold Souls batting - Pitching for Houston Hammertime : LHP Dan Snyder
Batting: RHB Lorenzo Guzmán 0-0: Ball
1-0: Ball
2-0: Ground out 6-3 (Groundball, 6)
Batting: RHB Claudio Guerra 0-0: Ball
1-0: SOLO HOME RUN (Flyball, 7D), Distance : 382 ft
Batting: RHB Pablo Lucero 0-0: SOLO HOME RUN (Line Drive, 7D), Distance : 393 ft
Batting: SHB Ryu Kichida 0-0: Ball
1-0: Foul Ball, location: 2F
1-1: Foul Ball, location: 2F
1-2: Foul Ball, location: 2F
1-2: Ball
2-2: Ball
3-2: Base on Balls
Batting: RHB Pablo Castillo 0-0: Called Strike
0-1: Ground out 4-3 (Groundball, 13)
Ryu Kichida to second
Batting: RHB Steve Field 0-0: Ground out 6-3 (Groundball, 6M)
Bottom of the 5th over - 2 run(s), 2 hit(s), 0 error(s), 1 left on base; Houston 7 - Gresham 7
TOP OF THE 6TH
Houston Hammertime batting - Pitching for Gresham Gold Souls : RHP António Benítez
Batting: RHB Santo Cruz 0-0: Ground out 6-3 (Groundball, 6)
Batting: RHB John Pick 0-0: Ball
1-0: Foul Ball, location: 2F
1-1: Ground out 6-3 (Groundball, 6S)
Batting: LHB Bryce Hopkins 0-0: Ball
1-0: Foul Ball, location: 2F
1-1: Ball
2-1: Fly out, F8 (Flyball, 8LXD)
Top of the 6th over - 0 run(s), 0 hit(s), 0 error(s), 0 left on base; Houston 7 - Gresham 7
BOTTOM OF THE 6TH
Gresham Gold Souls batting - Pitching for Houston Hammertime : LHP Dan Snyder
Pitching: RHP António Mata
Batting: LHB Salvador Ruíz 0-0: Called Strike
0-1: Ball
1-1: Called Strike
1-2: Ball
2-2: Foul Ball, location: 2F
2-2: Strikes out swinging
Batting: RHB Carlos García 0-0: Ball
1-0: Ball
2-0: Called Strike
2-1: Called Strike
2-2: Strikes out swinging
Batting: RHB Lorenzo Morín 0-0: Ball
1-0: Called Strike
1-1: Called Strike
1-2: Ground out 6-3 (Groundball, 56)
Bottom of the 6th over - 0 run(s), 0 hit(s), 0 error(s), 0 left on base; Houston 7 - Gresham 7
TOP OF THE 7TH
Houston Hammertime batting - Pitching for Gresham Gold Souls : RHP António Benítez
Pitching: RHP Carlos Hendrix
Batting: SHB Cristo Ontiveros 0-0: Ball
1-0: Ball
2-0: Foul Ball, location: 2F
2-1: DOUBLE (Flyball, 9D)
Batting: LHB Pat Jones 0-0: Intentional Walk
Batting: RHB Mario Beltrán 0-0: Ball
1-0: Ball
2-0: Ball
3-0: Called Strike
3-1: Foul Ball, location: 2F
3-2: Base on Balls
Cristo Ontiveros to third
Pat Jones to second
Pinch Hitting: LHB Juan Cabañas 0-0: Foul Ball, location: 2F
0-1: Ball
1-1: Ball
2-1: Foul Ball, location: 2F
2-2: Strikes out looking
Batting: RHB Luis Barzaga 0-0: Ball
1-0: Ball
2-0: Called Strike
2-1: Ball
3-1: Called Strike
3-2: SINGLE (Groundball, 6MD)
Cristo Ontiveros scores
Pat Jones to third
Mario Beltrán to second
Pitching: RHP Chris Sullivan
Batting: LHB Fernando Camacho 0-0: Foul Ball, location: 2F
0-1: Called Strike
0-2: Ball
1-2: Ball
2-2: Strikes out looking
Batting: RHB Santo Cruz 0-0: Ball
1-0: Called Strike
1-1: Foul Ball, location: 2F
1-2: Strikes out swinging
Top of the 7th over - 1 run(s), 2 hit(s), 0 error(s), 3 left on base; Houston 8 - Gresham 7
BOTTOM OF THE 7TH
Gresham Gold Souls batting - Pitching for Houston Hammertime : RHP António Mata
Now at SS: Moo-hyun Pak
Batting: RHB Lorenzo Guzmán 0-0: Called Strike
0-1: Swinging Strike
0-2: Ball
1-2: Ground out 4-3 (Groundball, 4D)
Batting: RHB Claudio Guerra 0-0: Ball
1-0: Called Strike
1-1: Ball
2-1: Ball
3-1: Base on Balls
Batting: RHB Pablo Lucero 0-0: Ball
1-0: Ball
2-0: Ball
3-0: Base on Balls
Claudio Guerra to second
Batting: SHB Ryu Kichida 0-0: Foul Ball, location: 2F
0-1: Swinging Strike
0-2: Foul Ball, location: 2F
0-2: Strikes out swinging
Batting: RHB Pablo Castillo 0-0: Called Strike
0-1: Foul Ball, location: 2F
0-2: Ball
1-2: Ball
2-2: Ball
3-2: Strikes out swinging
Bottom of the 7th over - 0 run(s), 0 hit(s), 0 error(s), 2 left on base; Houston 8 - Gresham 7
TOP OF THE 8TH
Houston Hammertime batting - Pitching for Gresham Gold Souls : RHP Chris Sullivan
Batting: RHB John Pick 0-0: Called Strike
0-1: Ball
1-1: Swinging Strike
1-2: Strikes out swinging
Batting: LHB Bryce Hopkins 0-0: Ball
1-0: Ball
2-0: Foul Ball, location: 2F
2-1: Ball
3-1: Ground out 4-3 (Groundball, 4)
Batting: SHB Cristo Ontiveros 0-0: Ball
1-0: Ball
2-0: Called Strike
2-1: Foul Ball, location: 2F
2-2: Foul Ball, location: 2F
2-2: Ball
3-2: Base on Balls
Batting: LHB Pat Jones 0-0: Ball
1-0: Foul Ball, location: 2F
1-1: Ball
2-1: Ball
3-1: Base on Balls
Cristo Ontiveros to second
Pitching: RHP Ricky Gutiérrez
Batting: RHB Mario Beltrán 0-0: Called Strike
0-1: Foul Ball, location: 2F
0-2: Ball
1-2: Ball
2-2: Strikes out looking
Top of the 8th over - 0 run(s), 0 hit(s), 0 error(s), 2 left on base; Houston 8 - Gresham 7
BOTTOM OF THE 8TH
Gresham Gold Souls batting - Pitching for Houston Hammertime : RHP António Mata
Pitching: LHP Howard Bailey
Now in CF: Pedro Meza
Batting: RHB Steve Field 0-0: Called Strike
0-1: Swinging Strike
0-2: Strikes out swinging
Batting: LHB Salvador Ruíz 0-0: Ball
1-0: Ball
2-0: Reached on error, E6 (Groundball, 6MD)
Batting: RHB Carlos García 0-0: Fielders Choice at 2nd, 4-6 (Groundball, 4)
Batting: RHB Lorenzo Morín 0-0: Ball
1-0: Swinging Strike
1-1: Called Strike
1-2: Ball
2-2: Strikes out swinging
Bottom of the 8th over - 0 run(s), 0 hit(s), 1 error(s), 1 left on base; Houston 8 - Gresham 7
TOP OF THE 9TH
Houston Hammertime batting - Pitching for Gresham Gold Souls : RHP Ricky Gutiérrez
Batting: RHB Moo-hyun Pak 0-0: Ball
1-0: Called Strike
1-1: Fly out, F9 (Flyball, 89D)
Batting: RHB Luis Barzaga 0-0: Called Strike
0-1: Foul Ball, location: 2F
0-2: SOLO HOME RUN (Flyball, 8RXD), Distance : 435 ft
Batting: LHB Fernando Camacho 0-0: Ball
1-0: Ground out U3 (Groundball, 3L)
Batting: RHB Santo Cruz 0-0: Called Strike
0-1: Ball
1-1: Fly out, F6 (Popup, 6)
Top of the 9th over - 1 run(s), 1 hit(s), 0 error(s), 0 left on base; Houston 9 - Gresham 7
BOTTOM OF THE 9TH
Gresham Gold Souls batting - Pitching for Houston Hammertime : LHP Howard Bailey
Pitching: RHP Stanley Edwards
Batting: RHB Lorenzo Guzmán 0-0: SOLO HOME RUN (Flyball, 7D), Distance : 370 ft
Batting: RHB Claudio Guerra 0-0: Called Strike
0-1: Ball
1-1: Swinging Strike
1-2: Foul Ball, location: 2F
1-2: Ball
2-2: Foul Ball, location: 2F
2-2: Ball
3-2: Base on Balls
Pinch Runner at 1st Daniel Guerrero:
Batting: RHB Pablo Lucero 0-0: Ball
1-0: Bunted foul
1-1: Sac Bunt - play at first, batter OUT! 1-4
Daniel Guerrero to second
Batting: SHB Ryu Kichida 0-0: Ball
1-0: Ball
2-0: Ball
3-0: Base on Balls
Batting: RHB Pablo Castillo 0-0: Called Strike
0-1: Swinging Strike
0-2: DOUBLE (Line Drive, 5D)
Daniel Guerrero scores
Ryu Kichida to third
Batting: RHB Steve Field 0-0: Intentional Walk
Batting: LHB Salvador Ruíz 0-0: Ball
1-0: Ball
2-0: Ball
3-0: Base on Balls
Ryu Kichida scores
Pablo Castillo to third
Steve Field to second
This league is powered by Out of the Park Baseball, the baseball management simulation game for PC, Mac and Linux
Saturday, April 9th, 2016 - OOTP Baseball 16.8 Build 38